 Dungeon Crawl Stone Soup version 0.17-a0-1562-g9b2c768 (webtiles) character file.

111 Denzi the Grave Robber (level 4, -17/36 HPs)
             Began as a Deep Dwarf Necromancer on July 20, 2015.
             Demolished by an ogre
             ... wielding a +0 giant spiked club
              (27 damage)
             ... on level 2 of the Dungeon.
             The game lasted 00:27:19 (3156 turns).

Denzi the Grave Robber (Deep Dwarf Necromancer)     Turns: 3156, Time: 00:27:19

Health: -17/36     AC:  3    Str: 12    XL:     4   Next: 62%
Magic:  6/6        EV:  7    Int: 16    God:
Gold:   149        SH:  0    Dex: 13    Spells: 3 memorised, 1 level left

rFire  . . .     SeeInvis .     a - +2 hand axe (venom)
rCold  . . .     Clarity  .     B - +0 leather armour
rNeg   . . .     SustAt   .     (no shield)
rPois  .         Gourm    .     (no helmet)
rElec  .         Spirit   .     (no cloak)
rCorr  .         Warding  .     (no gloves)
rMut   .         Stasis   .     (no boots)
MR     .....                    (no amulet)
Stlth  ++........               (no ring)
                                (no ring)

@: non-regenerating, not resistant to hostile enchantments, unstealthy
A: damage resistance, recharge devices, sense surroundings 1, slow healing 3
a: Device Recharging


You were on level 2 of the Dungeon.
You were hungry.

You visited 1 branch of the dungeon, and saw 3 of its levels.

You collected 149 gold pieces.

Inventory:

Hand weapons
 a - a +2 hand axe of venom (weapon)
Armour
 B - a +0 leather armour (worn)
Jewellery
 u - an uncursed amulet of faith {unknown}
Magical devices
 c - a wand of heal wounds (3)
 A - a wand of fire (1)
Scrolls
 g - a scroll of remove curse
 h - a scroll of noise {unknown}
 l - 2 scrolls of teleportation {unknown}
 o - a scroll of recharging {unknown}
 q - 2 scrolls of blinking {unknown}
 w - 2 scrolls of immolation {unknown}
 y - a scroll of identify {unknown}
Potions
 e - a potion of invisibility {unknown}
 f - a potion of agility {unknown}
 i - a potion of curing {unknown}
 j - a potion of heal wounds {unknown}
 r - a potion of mutation {unknown}
 s - a potion of might {unknown}
 t - a potion of ambrosia {unknown}
 v - a potion of brilliance {unknown}
 x - a potion of lignification {unknown}
Books
 b - a book of Necromancy

   Spells                             Type                      Level
   a - Pain                           Necromancy                   1
   b - Animate Skeleton               Necromancy                   1
   c - Vampiric Draining              Necromancy                   3
   d - Regeneration                   Charms/Necromancy            3
   e - Animate Dead                   Necromancy                   4
   f - Control Undead                 Necromancy                   4
Comestibles
 d - 4 bread rations
 k - a chunk of flesh
 n - a beef jerky
 p - 6 fruits


   Skills:
 + Level 2.1 Axes
 - Level 2.1 Dodging
 - Level 2.4 Stealth
 - Level 1.8 Spellcasting
 * Level 6.2 Necromancy


You had one spell level left.
You knew the following spells:

 Your Spells              Type           Power        Failure   Level  Hunger
a - Pain                  Necr           ###.         1%          1    ##.....
b - Animate Skeleton      Necr           N/A          1%          1    ##.....
c - Vampiric Draining     Necr           ###.......   8%          3    ####...


Dungeon Overview and Level Annotations

Branches:
Dungeon (3/15)

Altars:


Innate Abilities, Weirdness & Mutations

You are resistant to damage.
You can recharge devices by infusing magical energy.
You passively map a small area around you.
You do not heal naturally.


Message History

The ogre hits you with a giant spiked club!!
* * * LOW HITPOINT WARNING * * *
There is a stone staircase leading up, spattered with blood here.
The ogre barely misses you.
That item cannot be evoked!
Evoke which item? (* to show all) (? for menu, Esc to quit)
Zapping:
A - a wand of fire {zapped: 5} (will waste charges)
Press: ? - help, Shift-Dir - straight line, f - ogre
Aim: an ogre, wielding a giant spiked club (lightly wounded)
The bolt of fire hits the ogre.
The ogre is heavily wounded.
Evoking this partially-identified wand wasted a few charges.
There is a stone staircase leading up here.
The ogre closely misses you.
You climb upwards.
You are feeling hungry.
There is a stone staircase leading down here.
The ogre hits you with a giant spiked club!!
Ouch! That really hurt!
You die...

##### #######...#
##...).###.#
#.).....##.#
#.......##.#
#.......##.#
##.....###.#
.###'#####.#######
..#.).#........O@#
..#...#.....######
..##'##.....#
............#
.......(....#
......<.....#
#...........#
######'######
######.########


You could see an ogre.

Vanquished Creatures
  2 adders
  5 worms
  2 giant geckos
  2 orcs
  4 giant cockroaches
  9 hobgoblins
  7 kobolds
  A ball python (D:2)
  6 bats
  9 giant newts
  11 goblins
  2 jackals (D:1)
  7 rats
67 creatures vanquished.

Vanquished Creatures (collateral kills)
  An ooze (D:3)
  2 hobgoblins (D:2)
  A jackal (D:1)
  A kobold (D:1)
  2 giant newts
  2 rats
9 creatures vanquished.

Grand Total: 76 creatures vanquished

Notes
Turn   | Place    | Note
--------------------------------------------------------------
     0 | D:1      | Denzi the Deep Dwarf Necromancer began the quest for the Orb.
     0 | D:1      | Reached XP level 1. HP: 15/15 MP: 3/3
     2 | D:1      | Learned a level 1 spell: Animate Skeleton
   318 | D:1      | Reached XP level 2. HP: 16/22 MP: 1/4
   470 | D:1      | Reached skill level 5 in Necromancy
  1049 | D:1      | Reached XP level 3. HP: 25/28 MP: 2/5
  1870 | D:2      | Reached skill level 1 in Axes
  2119 | D:2      | Learned a level 3 spell: Vampiric Draining
  2422 | D:2      | Reached XP level 4. HP: 32/36 MP: 0/6
  2644 | D:3      | Reached skill level 6 in Necromancy
  3026 | D:3      | Noticed an ogre
  3156 | D:2      | Demolished by an ogre

Vault maps used:
D:1:      dpeg_arrival_morbid_curiosity
D:2:      minmay_goblin_kobold_house
D:3:      first_bread, uniq_grinder

Action                   |  1- 3 |  4- 6 || total
-------------------------+-------+-------++-------
Melee: Unarmed           |    14 |       ||    14
       Hand axe          |    16 |    30 ||    46
 Cast: Pain              |    96 |    11 ||   107
       Animate Skeleton  |    23 |     2 ||    25
       Vampiric Draining |     4 |    10 ||    14
Evoke: Wand              |     1 |     4 ||     5
  Use: Scroll            |     1 |       ||     1
  Eat: Chunk             |     8 |     3 ||    11
